[ AOE2 MATCH · #505371247 ]
UnrankedMaya vs Khitans
Player's team · LOSS
[ REPLAY ANALYSIS · EXTRACTED FROM THE RECORDED GAME ]
Feudal
12:46
Castle
—
Imperial
—
| APM avg | 20.7 |
| APM peak | 72 |
| eAPM avg | 11.1 |
| Villagers / military | 24 / 6 |
Focus
⚔️ 47.3% · 🌾 52.7%
Militia ×6 · Fishing Ship ×3
Feudal
13:02
Castle
—
Imperial
—
| APM avg | 14.6 |
| APM peak | 55 |
| eAPM avg | 7.3 |
| Villagers / military | 21 / 0 |
Focus
⚔️ 26.7% · 🌾 73.3%
Feudal
13:27
Castle
—
Imperial
—
| APM avg | 37.3 |
| APM peak | 91 |
| eAPM avg | 17.9 |
| Villagers / military | 43 / 16 |
Focus
⚔️ 34.0% · 🌾 66.0%
Archer ×11 · Militia ×5
Feudal
14:04
Castle
—
Imperial
—
| APM avg | 12.0 |
| APM peak | 39 |
| eAPM avg | 5.7 |
| Villagers / military | 25 / 0 |
Focus
⚔️ 16.9% · 🌾 83.1%
Feudal
13:34
Castle
19:46
Imperial
—
| APM avg | 35.8 |
| APM peak | 58 |
| eAPM avg | 13.2 |
| Villagers / military | 43 / 14 |
Focus
⚔️ 27.5% · 🌾 72.5%
Cavalry Archer ×14
Feudal
13:39
Castle
—
Imperial
—
| APM avg | 15.2 |
| APM peak | 36 |
| eAPM avg | 8.2 |
| Villagers / military | 36 / 0 |
Focus
⚔️ 30.1% · 🌾 69.9%
Feudal
11:35
Castle
21:27
Imperial
—
| APM avg | 60.6 |
| APM peak | 124 |
| eAPM avg | 35.0 |
| Villagers / military | 60 / 23 |
Focus
⚔️ 47.7% · 🌾 52.3%
Scout Cavalry ×14 · Knight ×9
Feudal
13:04
Castle
16:44
Imperial
—
| APM avg | 39.5 |
| APM peak | 79 |
| eAPM avg | 18.1 |
| Villagers / military | 56 / 14 |
Focus
⚔️ 30.7% · 🌾 69.3%
Cavalry Archer ×14
Match map
Initial resources + every placement click. Lines = walls · curves = elevation contours. ◆ gold · ⬟ stone · ● berries · ✦ relic · ◌ wall gap
Your base· Open — unwalled flank
23's base· Open — unwalled flank
DL | El pata de las GTX's base· Open — unwalled flank
Cain2point0's base· Open — 9t gap
Coca Cola's base· Open — unwalled flank
Zilchland's base· Open — unwalled flank
Francisco Pizarron's base· Open — unwalled flank
fumisaiji's base· Open — 6t gap
Smoothed initial terrain · ◌ = detected wall gap · hover for details
Inputs per minute
— Cyndaquil - - 23
Build order — Cyndaquil
78 actions detected in the replay
| 0:09 | Build | Town Center |
| 1:10 | Build | House |
| 2:37 | Create | Villager (Male) |
| 2:38 | Create | Villager (Male) |
| 2:38 | Create | Villager (Male) |
| 2:38 | Create | Villager (Male) |
| 2:42 | Build | Palisade Wall |
| 3:00 | Build | House |
| 3:15 | Build | House |
| 3:24 | Create | Villager (Male) |
| 3:59 | Create | Villager (Male) |
| 3:59 | Create | Villager (Male) |
| 4:20 | Build | Palisade Wall |
| 4:28 | Build | Palisade Gate |
| 4:33 | Create | Villager (Male) |
| 4:36 | Build | Lumber Camp |
| 4:40 | Build | House |
| 4:57 | Create | Villager (Male) |
| 5:24 | Create | Villager (Male) |
| 5:25 | Create | Villager (Male) |
| 5:32 | Research | Loom |
| 5:41 | Build | Palisade Gate |
| 5:44 | Build | Palisade Wall |
| 6:02 | Build | Palisade Gate |
| 6:18 | Create | Villager (Male) |
| 6:18 | Create | Villager (Male) |
| 6:23 | Build | House |
| 6:39 | Create | Villager (Male) |
| 6:39 | Create | Villager (Male) |
| 6:59 | Build | House |
| 7:01 | Build | House |
| 7:09 | Build | Palisade Wall |
| 7:09 | Build | Palisade Wall |
| 7:11 | Build | Palisade Wall |
| 7:12 | Build | Palisade Wall |
| 7:14 | Build | Palisade Wall |
| 7:19 | Create | Villager (Male) |
| 7:58 | Create | Villager (Male) |
| 8:15 | Build | Barracks |
| 8:16 | Create | Villager (Male) |
| 8:43 | Create | Villager (Male) |
| 9:04 | Create | Villager (Male) |
| 9:26 | Build | Mining Camp |
| 9:40 | Create | Villager (Male) |
| 9:43 | Research | Loom |
| 10:00 | Build | House |
| 10:36 | Research | Feudal Age |
| 10:37 | Research | Feudal Age |
| 10:51 | Create | Militia |
| 10:51 | Create | Militia |
| 10:52 | Create | Militia |
| 11:07 | Create | Militia |
| 11:10 | Create | Militia |
| 11:41 | Create | Militia |
| 12:01 | Build | Dock |
| 12:04 | Build | Mill |
| 12:11 | Create | Villager (Male) |
| 12:28 | Create | Fishing Ship |
| 12:46 | Age | Feudal Age |
| 12:48 | Research | Man-at-Arms (upgrade) |
| 12:51 | Build | Watch Tower |
| 13:05 | Build | Stone Wall |
| 13:07 | Build | Stone Wall |
| 13:09 | Build | Stone Wall |
| 13:10 | Build | Stone Wall |
| 13:12 | Build | Stone Wall |
| 13:14 | Build | Stone Wall |
| 13:15 | Build | Stone Wall |
| 13:17 | Build | Stone Wall |
| 13:22 | Build | Stone Wall |
| 13:23 | Build | Stone Wall |
| 13:35 | Create | Villager (Male) |
| 13:35 | Create | Villager (Male) |
| 13:41 | Create | Fishing Ship |
| 13:45 | Build | House |
| 13:46 | Build | House |
| 14:00 | Build | Mill |
| 14:03 | Create | Fishing Ship |
Build order — 23
39 actions detected in the replay
| 0:17 | Build | Town Center |
| 2:29 | Create | Villager (Male) |
| 2:29 | Create | Villager (Male) |
| 2:29 | Create | Villager (Male) |
| 2:29 | Create | Villager (Male) |
| 2:32 | Build | House |
| 3:56 | Research | Loom |
| 4:30 | Create | Villager (Male) |
| 4:56 | Build | House |
| 4:57 | Create | Villager (Male) |
| 5:15 | Create | Villager (Male) |
| 5:15 | Create | Villager (Male) |
| 5:15 | Create | Villager (Male) |
| 5:55 | Build | House |
| 6:13 | Build | Palisade Wall |
| 6:14 | Build | Palisade Wall |
| 6:23 | Create | Villager (Male) |
| 6:24 | Create | Villager (Male) |
| 6:34 | Create | Villager (Male) |
| 7:17 | Create | Villager (Male) |
| 7:53 | Create | Villager (Male) |
| 8:02 | Build | House |
| 8:20 | Create | Villager (Male) |
| 8:53 | Create | Villager (Male) |
| 9:17 | Create | Villager (Male) |
| 9:35 | Build | Barracks |
| 9:39 | Create | Villager (Male) |
| 10:07 | Create | Villager (Male) |
| 10:27 | Build | Lumber Camp |
| 10:40 | Create | Villager (Male) |
| 10:52 | Research | Feudal Age |
| 10:53 | Research | Feudal Age |
| 11:42 | Build | House |
| 12:29 | Build | Pasture |
| 12:32 | Build | Pasture |
| 12:37 | Build | Pasture |
| 12:52 | Create | Villager (Male) |
| 13:02 | Age | Feudal Age |
| 13:07 | Build | Stable |
Build order — DL | El pata de las GTX
103 actions detected in the replay
| 0:54 | Build | Town Center |
| 2:38 | Build | Palisade Wall |
| 2:42 | Build | Palisade Wall |
| 2:44 | Build | Palisade Wall |
| 2:45 | Build | Palisade Wall |
| 2:46 | Build | Palisade Wall |
| 3:20 | Build | House |
| 3:24 | Create | Villager (Male) |
| 3:25 | Create | Villager (Male) |
| 3:25 | Create | Villager (Male) |
| 4:00 | Create | Villager (Male) |
| 4:00 | Create | Villager (Male) |
| 5:01 | Create | Villager (Male) |
| 5:01 | Create | Villager (Male) |
| 5:01 | Create | Villager (Male) |
| 5:09 | Build | House |
| 5:40 | Create | Villager (Male) |
| 6:04 | Create | Villager (Male) |
| 6:04 | Create | Villager (Male) |
| 6:06 | Create | Villager (Male) |
| 6:06 | Create | Villager (Male) |
| 6:25 | Research | Loom |
| 6:32 | Build | Lumber Camp |
| 7:02 | Create | Villager (Male) |
| 7:02 | Create | Villager (Male) |
| 7:02 | Create | Villager (Male) |
| 7:04 | Create | Villager (Male) |
| 7:04 | Create | Villager (Male) |
| 7:04 | Create | Villager (Male) |
| 7:04 | Create | Villager (Male) |
| 7:20 | Create | Villager (Male) |
| 7:59 | Build | House |
| 8:57 | Create | Villager (Male) |
| 8:57 | Create | Villager (Male) |
| 8:59 | Create | Villager (Male) |
| 9:00 | Create | Villager (Male) |
| 10:08 | Build | Barracks |
| 10:45 | Build | House |
| 11:17 | Research | Feudal Age |
| 11:18 | Research | Feudal Age |
| 11:36 | Build | Palisade Wall |
| 12:18 | Build | Mining Camp |
| 12:38 | Build | Palisade Wall |
| 12:59 | Create | Militia |
| 12:59 | Create | Militia |
| 12:59 | Create | Militia |
| 12:59 | Create | Militia |
| 13:00 | Create | Militia |
| 13:27 | Age | Feudal Age |
| 13:32 | Build | Archery Range |
| 13:34 | Create | Villager (Male) |
| 13:50 | Research | Man-at-Arms (upgrade) |
| 13:51 | Research | Man-at-Arms (upgrade) |
| 14:08 | Create | Villager (Male) |
| 14:08 | Create | Villager (Male) |
| 14:34 | Build | House |
| 14:38 | Build | House |
| 14:39 | Create | Archer |
| 14:39 | Create | Archer |
| 14:44 | Create | Villager (Male) |
| 14:44 | Create | Villager (Male) |
| 14:57 | Build | Mill |
| 15:29 | Build | House |
| 15:29 | Create | Archer |
| 15:30 | Create | Archer |
| 15:36 | Create | Villager (Male) |
| 15:36 | Create | Villager (Male) |
| 15:40 | Create | Villager (Male) |
| 15:41 | Create | Villager (Male) |
| 16:09 | Build | Farm |
| 16:10 | Build | Farm |
| 16:10 | Build | Farm |
| 16:23 | Create | Archer |
| 16:23 | Create | Archer |
| 16:25 | Create | Villager (Male) |
| 16:38 | Build | Farm |
| 16:39 | Create | Villager (Male) |
| 16:43 | Create | Archer |
| 17:13 | Create | Villager (Male) |
| 17:46 | Create | Villager (Male) |
| 17:47 | Create | Archer |
| 17:47 | Create | Archer |
| 17:49 | Create | Villager (Male) |
| 18:13 | Create | Archer |
| 18:18 | Build | House |
| 18:19 | Build | House |
| 18:30 | Build | House |
| 18:36 | Create | Villager (Male) |
| 19:00 | Create | Archer |
| 19:04 | Create | Villager (Male) |
| 19:04 | Create | Villager (Male) |
| 19:11 | Build | Farm |
| 19:17 | Build | Farm |
| 19:28 | Build | Market |
| 19:34 | Create | Villager (Male) |
| 20:13 | Build | Mining Camp |
| 21:03 | Research | Castle Age |
| 21:03 | Research | Castle Age |
| 21:04 | Research | Castle Age |
| 21:08 | Build | House |
| 21:10 | Build | House |
| 22:04 | Research | Stone Mining |
| 22:04 | Research | Stone Mining |
Build order — Cain2point0
37 actions detected in the replay
| 0:11 | Build | Town Center |
| 1:55 | Build | House |
| 2:28 | Create | Villager (Male) |
| 2:28 | Create | Villager (Male) |
| 2:29 | Create | Villager (Male) |
| 3:00 | Build | House |
| 3:34 | Create | Villager (Male) |
| 3:36 | Create | Villager (Male) |
| 3:36 | Create | Villager (Male) |
| 4:31 | Create | Villager (Male) |
| 4:53 | Create | Villager (Male) |
| 5:02 | Build | Settlement |
| 5:11 | Create | Villager (Male) |
| 5:51 | Create | Villager (Male) |
| 6:04 | Create | Villager (Male) |
| 6:27 | Create | Villager (Male) |
| 6:37 | Create | Villager (Male) |
| 7:13 | Build | Palisade Gate |
| 7:35 | Build | House |
| 7:37 | Create | Villager (Male) |
| 7:44 | Research | Loom |
| 8:00 | Create | Villager (Male) |
| 8:17 | Create | Villager (Male) |
| 8:48 | Create | Villager (Male) |
| 9:07 | Build | Settlement |
| 9:11 | Build | House |
| 9:20 | Create | Villager (Male) |
| 9:20 | Create | Villager (Male) |
| 9:47 | Create | Villager (Male) |
| 10:39 | Create | Villager (Male) |
| 10:50 | Create | Villager (Male) |
| 10:51 | Create | Villager (Male) |
| 11:41 | Research | Feudal Age |
| 12:28 | Build | House |
| 12:31 | Create | Villager (Male) |
| 12:31 | Create | Villager (Male) |
| 14:04 | Age | Feudal Age |
Build order — Coca Cola
110 actions detected in the replay
| 0:41 | Build | Town Center |
| 2:43 | Build | Palisade Wall |
| 2:48 | Build | Palisade Wall |
| 2:50 | Build | Palisade Wall |
| 2:51 | Build | Palisade Wall |
| 2:53 | Build | Palisade Wall |
| 2:57 | Create | Villager (Male) |
| 2:57 | Create | Villager (Male) |
| 2:58 | Create | Villager (Male) |
| 2:58 | Create | Villager (Male) |
| 2:58 | Create | Villager (Male) |
| 4:01 | Create | Villager (Male) |
| 4:01 | Create | Villager (Male) |
| 4:29 | Create | Villager (Male) |
| 4:30 | Create | Villager (Male) |
| 4:41 | Research | Loom |
| 4:41 | Research | Loom |
| 4:42 | Research | Loom |
| 4:42 | Research | Loom |
| 4:51 | Create | Villager (Male) |
| 4:51 | Create | Villager (Male) |
| 4:55 | Build | Palisade Wall |
| 5:14 | Create | Villager (Male) |
| 5:14 | Create | Villager (Male) |
| 5:15 | Create | Villager (Male) |
| 5:29 | Create | Villager (Male) |
| 5:30 | Create | Villager (Male) |
| 6:14 | Create | Villager (Male) |
| 6:14 | Create | Villager (Male) |
| 6:47 | Create | Villager (Male) |
| 6:47 | Create | Villager (Male) |
| 6:58 | Create | Villager (Male) |
| 7:42 | Create | Villager (Male) |
| 7:42 | Create | Villager (Male) |
| 7:45 | Build | Lumber Camp |
| 8:09 | Create | Villager (Male) |
| 8:09 | Create | Villager (Male) |
| 8:46 | Create | Villager (Male) |
| 8:46 | Create | Villager (Male) |
| 9:33 | Create | Villager (Male) |
| 9:53 | Build | Mill |
| 10:00 | Build | Palisade Wall |
| 11:24 | Research | Feudal Age |
| 11:24 | Research | Feudal Age |
| 11:30 | Build | Lumber Camp |
| 11:39 | Build | Palisade Wall |
| 11:43 | Build | Palisade Wall |
| 11:45 | Build | Palisade Wall |
| 12:59 | Create | Villager (Male) |
| 12:59 | Create | Villager (Male) |
| 13:19 | Build | Barracks |
| 13:34 | Age | Feudal Age |
| 13:35 | Build | Palisade Gate |
| 14:13 | Build | Archery Range |
| 14:18 | Build | Blacksmith |
| 14:31 | Create | Villager (Male) |
| 14:31 | Create | Villager (Male) |
| 14:55 | Build | Mining Camp |
| 15:16 | Create | Villager (Male) |
| 15:51 | Create | Villager (Male) |
| 15:53 | Create | Villager (Male) |
| 16:27 | Create | Villager (Male) |
| 16:38 | Build | Archery Range |
| 17:01 | Research | Castle Age |
| 17:01 | Research | Castle Age |
| 17:06 | Research | Double-Bit Axe |
| 17:07 | Research | Double-Bit Axe |
| 17:07 | Research | Double-Bit Axe |
| 17:09 | Research | Horse Collar |
| 17:10 | Research | Horse Collar |
| 17:49 | Research | Fletching |
| 17:49 | Research | Fletching |
| 17:50 | Research | Fletching |
| 17:52 | Research | Gold Mining |
| 17:52 | Research | Gold Mining |
| 17:52 | Research | Gold Mining |
| 18:34 | Create | Villager (Male) |
| 18:35 | Create | Villager (Male) |
| 18:44 | Build | Archery Range |
| 19:05 | Build | Mill |
| 19:16 | Build | Mill |
| 19:32 | Create | Villager (Male) |
| 19:33 | Create | Villager (Male) |
| 19:46 | Age | Castle Age |
| 19:49 | Build | University |
| 19:52 | Build | Mining Camp |
| 19:56 | Create | Villager (Male) |
| 20:04 | Research | Bodkin Arrow |
| 20:20 | Build | Mill |
| 20:36 | Research | Ballistics |
| 20:36 | Research | Ballistics |
| 20:40 | Create | Cavalry Archer |
| 20:40 | Create | Cavalry Archer |
| 20:49 | Create | Cavalry Archer |
| 20:49 | Create | Cavalry Archer |
| 20:49 | Create | Cavalry Archer |
| 20:50 | Research | Padded Archer Armor |
| 20:50 | Research | Padded Archer Armor |
| 21:12 | Create | Villager (Male) |
| 21:22 | Create | Cavalry Archer |
| 21:22 | Create | Cavalry Archer |
| 21:22 | Create | Cavalry Archer |
| 21:23 | Create | Cavalry Archer |
| 21:23 | Create | Cavalry Archer |
| 21:31 | Create | Villager (Male) |
| 21:39 | Create | Cavalry Archer |
| 21:39 | Create | Cavalry Archer |
| 22:30 | Build | Town Center |
| 22:33 | Create | Cavalry Archer |
| 22:33 | Create | Cavalry Archer |
Build order — Zilchland
53 actions detected in the replay
| 0:19 | Build | House |
| 0:30 | Build | Town Center |
| 0:36 | Build | House |
| 2:34 | Create | Villager (Male) ×3 |
| 2:34 | Create | Villager (Male) |
| 3:25 | Create | Villager (Male) |
| 3:26 | Create | Villager (Male) |
| 3:51 | Create | Villager (Male) |
| 3:51 | Research | Loom |
| 4:17 | Build | Lumber Camp |
| 4:24 | Research | Loom |
| 4:31 | Create | Villager (Male) |
| 4:31 | Create | Villager (Male) |
| 4:43 | Create | Villager (Male) |
| 4:43 | Create | Villager (Male) |
| 5:31 | Create | Villager (Male) |
| 5:31 | Create | Villager (Male) |
| 6:20 | Create | Villager (Male) |
| 6:25 | Build | House |
| 6:26 | Build | House |
| 6:45 | Create | Villager (Male) |
| 6:55 | Create | Villager (Male) ×2 |
| 6:56 | Create | Villager (Male) |
| 7:28 | Create | Villager (Male) |
| 7:28 | Create | Villager (Male) |
| 7:59 | Create | Villager (Male) |
| 8:00 | Create | Villager (Male) |
| 8:12 | Create | Villager (Male) |
| 8:12 | Create | Villager (Male) |
| 8:32 | Build | Mining Camp |
| 8:45 | Create | Villager (Male) |
| 8:45 | Create | Villager (Male) |
| 9:06 | Create | Villager (Male) ×3 |
| 9:06 | Create | Villager (Male) |
| 9:20 | Build | Mining Camp |
| 9:35 | Create | Villager (Male) |
| 9:43 | Build | Mill |
| 9:44 | Create | Villager (Male) |
| 9:44 | Create | Villager (Male) |
| 10:56 | Create | Villager (Male) |
| 11:29 | Research | Feudal Age |
| 11:34 | Build | House |
| 11:45 | Build | Palisade Wall |
| 12:41 | Build | Palisade Wall |
| 12:51 | Build | Palisade Wall |
| 13:00 | Build | Palisade Wall |
| 13:03 | Build | Palisade Wall |
| 13:12 | Build | House |
| 13:20 | Create | Villager (Male) |
| 13:30 | Create | Villager (Male) |
| 13:39 | Age | Feudal Age |
| 13:53 | Build | Market |
| 13:59 | Build | Blacksmith |
Build order — Francisco Pizarron
137 actions detected in the replay
| 0:27 | Build | Town Center |
| 2:45 | Create | Villager (Male) |
| 2:46 | Create | Villager (Male) |
| 2:47 | Create | Villager (Male) |
| 2:50 | Build | House |
| 2:52 | Create | Villager (Male) |
| 3:30 | Research | Loom |
| 3:30 | Create | Villager (Male) |
| 3:31 | Create | Villager (Male) |
| 3:48 | Build | House |
| 3:57 | Create | Villager (Male) |
| 4:13 | Create | Villager (Male) |
| 5:00 | Create | Villager (Male) |
| 5:04 | Build | Lumber Camp |
| 5:06 | Create | Villager (Male) |
| 5:06 | Create | Villager (Male) |
| 5:27 | Create | Villager (Male) |
| 5:27 | Create | Villager (Male) |
| 5:36 | Build | House |
| 5:49 | Create | Villager (Male) |
| 6:27 | Create | Villager (Male) |
| 6:27 | Create | Villager (Male) |
| 6:27 | Create | Villager (Male) |
| 6:42 | Create | Villager (Male) |
| 7:00 | Create | Villager (Male) |
| 7:02 | Create | Villager (Male) |
| 7:02 | Create | Villager (Male) |
| 7:02 | Create | Villager (Male) |
| 7:19 | Build | House |
| 7:24 | Create | Villager (Male) |
| 7:31 | Create | Villager (Male) |
| 8:03 | Create | Villager (Male) |
| 8:03 | Create | Villager (Male) |
| 8:03 | Create | Villager (Male) |
| 8:44 | Build | Mill |
| 8:45 | Create | Villager (Male) |
| 9:15 | Create | Villager (Male) |
| 9:18 | Research | Feudal Age |
| 9:18 | Research | Feudal Age |
| 10:17 | Build | House |
| 10:59 | Build | Barracks |
| 11:31 | Build | Palisade Wall |
| 11:35 | Build | Palisade Gate |
| 11:35 | Age | Feudal Age |
| 11:36 | Build | Palisade Wall |
| 11:38 | Create | Villager (Male) |
| 11:48 | Build | Stable |
| 12:06 | Research | Double-Bit Axe |
| 12:06 | Research | Double-Bit Axe |
| 12:06 | Create | Villager (Male) |
| 12:13 | Create | Villager (Male) |
| 12:22 | Create | Villager (Male) |
| 12:31 | Create | Villager (Male) |
| 12:33 | Create | Scout Cavalry |
| 12:51 | Create | Scout Cavalry |
| 12:54 | Create | Villager (Male) |
| 13:06 | Create | Villager (Male) |
| 13:06 | Create | Scout Cavalry |
| 13:17 | Create | Scout Cavalry |
| 13:21 | Build | House |
| 13:44 | Create | Scout Cavalry |
| 13:50 | Build | House |
| 13:51 | Create | Villager (Male) |
| 14:06 | Create | Villager (Male) |
| 14:17 | Create | Villager (Male) |
| 14:29 | Create | Scout Cavalry |
| 14:30 | Create | Scout Cavalry |
| 14:31 | Create | Villager (Male) |
| 14:51 | Create | Scout Cavalry |
| 14:54 | Create | Scout Cavalry |
| 14:55 | Create | Scout Cavalry |
| 14:58 | Create | Villager (Male) |
| 15:07 | Build | Mill |
| 15:07 | Create | Villager (Male) |
| 15:36 | Build | Farm |
| 15:37 | Create | Scout Cavalry |
| 15:40 | Create | Scout Cavalry |
| 15:46 | Build | House |
| 15:58 | Create | Villager (Male) |
| 16:17 | Create | Scout Cavalry |
| 16:20 | Build | House |
| 16:22 | Research | Wheelbarrow |
| 16:22 | Research | Wheelbarrow |
| 16:41 | Create | Villager (Male) |
| 16:42 | Create | Villager (Male) |
| 16:49 | Build | Blacksmith |
| 16:50 | Create | Villager (Male) |
| 16:58 | Build | Market |
| 16:58 | Create | Villager (Male) |
| 17:03 | Create | Scout Cavalry |
| 17:08 | Create | Villager (Male) |
| 17:49 | Create | Villager (Male) |
| 17:52 | Build | Farm |
| 18:01 | Create | Villager (Male) |
| 18:47 | Research | Castle Age |
| 18:47 | Research | Castle Age |
| 18:47 | Research | Castle Age |
| 18:47 | Research | Castle Age |
| 18:47 | Research | Castle Age |
| 18:47 | Research | Castle Age |
| 18:51 | Create | Villager (Male) |
| 18:55 | Build | Stable |
| 19:07 | Create | Villager (Male) |
| 19:10 | Build | Farm |
| 19:10 | Build | Farm |
| 19:10 | Build | Farm |
| 19:10 | Build | Farm |
| 19:12 | Create | Villager (Male) |
| 19:21 | Create | Villager (Male) |
| 19:37 | Research | Scale Barding Armor |
| 19:37 | Research | Scale Barding Armor |
| 19:37 | Research | Scale Barding Armor |
| 19:46 | Build | Mining Camp |
| 19:52 | Create | Villager (Male) |
| 20:20 | Build | Mill |
| 20:48 | Create | Villager (Male) |
| 21:27 | Age | Castle Age |
| 21:33 | Create | Villager (Male) |
| 21:35 | Create | Knight |
| 21:35 | Create | Knight |
| 21:36 | Create | Knight |
| 21:42 | Build | Mining Camp |
| 22:00 | Create | Villager (Male) |
| 22:05 | Build | Stable |
| 22:10 | Research | Chain Barding Armor |
| 22:11 | Research | Chain Barding Armor |
| 22:11 | Research | Chain Barding Armor |
| 22:25 | Create | Knight |
| 22:25 | Create | Knight |
| 22:25 | Create | Knight |
| 22:47 | Create | Villager (Male) |
| 22:49 | Build | House |
| 22:52 | Create | Knight |
| 22:53 | Create | Knight |
| 22:53 | Create | Knight |
| 23:05 | Create | Villager (Male) |
| 23:14 | Build | Mill |
Build order — fumisaiji
95 actions detected in the replay
| 0:12 | Build | Town Center |
| 1:05 | Build | House |
| 2:26 | Build | House |
| 2:34 | Create | Villager (Male) |
| 2:34 | Create | Villager (Male) |
| 2:34 | Create | Villager (Male) |
| 2:35 | Create | Villager (Male) |
| 2:35 | Create | Villager (Male) |
| 2:36 | Create | Villager (Male) |
| 2:38 | Build | House |
| 2:51 | Build | House |
| 4:07 | Create | Villager (Male) |
| 4:08 | Create | Villager (Male) |
| 4:37 | Create | Villager (Male) |
| 4:42 | Build | House |
| 5:14 | Create | Villager (Male) |
| 5:18 | Create | Villager (Male) |
| 5:18 | Create | Villager (Male) |
| 5:35 | Create | Villager (Male) |
| 6:05 | Create | Villager (Male) |
| 6:23 | Create | Villager (Male) |
| 6:41 | Create | Villager (Male) |
| 6:53 | Build | House |
| 6:56 | Build | House |
| 6:57 | Create | Villager (Male) |
| 7:12 | Create | Villager (Male) |
| 7:28 | Build | Lumber Camp |
| 7:43 | Create | Villager (Male) |
| 8:16 | Research | Loom |
| 8:27 | Create | Villager (Male) ×5 |
| 8:27 | Research | Loom |
| 8:31 | Build | House |
| 8:36 | Build | House |
| 8:45 | Create | Villager (Male) ×5 |
| 8:46 | Build | House |
| 8:51 | Build | House |
| 9:02 | Build | House |
| 9:25 | Build | House |
| 9:55 | Build | Mill |
| 10:05 | Create | Villager (Male) ×5 |
| 10:36 | Build | Barracks |
| 10:42 | Research | Feudal Age |
| 10:42 | Research | Feudal Age |
| 11:37 | Build | House |
| 11:48 | Create | Villager (Male) |
| 11:49 | Create | Villager (Male) |
| 11:51 | Create | Villager (Male) |
| 12:24 | Build | House |
| 12:33 | Build | House |
| 12:44 | Build | House |
| 13:04 | Age | Feudal Age |
| 13:09 | Build | Archery Range |
| 13:10 | Build | Blacksmith |
| 14:04 | Research | Castle Age |
| 14:04 | Research | Castle Age |
| 14:04 | Research | Castle Age |
| 14:41 | Build | Archery Range |
| 14:44 | Research | Fletching |
| 14:55 | Research | Double-Bit Axe |
| 14:56 | Research | Double-Bit Axe |
| 15:40 | Build | House |
| 16:04 | Build | Mining Camp |
| 16:24 | Create | Villager (Male) |
| 16:44 | Age | Castle Age |
| 16:45 | Create | Cavalry Archer |
| 16:45 | Create | Cavalry Archer |
| 16:54 | Research | Gold Mining |
| 16:57 | Create | Villager (Male) |
| 17:07 | Build | Town Center |
| 17:10 | Create | Cavalry Archer |
| 17:58 | Create | Villager (Male) ×5 |
| 17:58 | Create | Villager (Male) |
| 18:28 | Create | Cavalry Archer |
| 18:38 | Create | Cavalry Archer |
| 18:38 | Create | Cavalry Archer |
| 19:12 | Create | Cavalry Archer |
| 19:23 | Build | House |
| 19:23 | Build | House |
| 19:33 | Build | House |
| 20:19 | Create | Villager (Male) |
| 20:27 | Build | Outpost |
| 20:33 | Create | Villager (Male) |
| 20:34 | Create | Cavalry Archer |
| 20:34 | Create | Cavalry Archer |
| 20:50 | Create | Cavalry Archer |
| 21:22 | Create | Villager (Male) |
| 21:22 | Create | Villager (Male) |
| 21:51 | Create | Villager (Male) |
| 21:52 | Create | Cavalry Archer |
| 21:52 | Create | Cavalry Archer |
| 22:34 | Create | Cavalry Archer |
| 22:34 | Create | Cavalry Archer |
| 22:40 | Create | Villager (Male) ×4 |
| 22:41 | Create | Villager (Male) |
| 22:41 | Create | Villager (Male) |
Match timeline
| 2:38 | DL | El pata de las GTX · wall_segment Palisade Wall x1 |
| 2:42 | DL | El pata de las GTX · wall_segment Palisade Wall x1 |
| 2:42 | Cyndaquil · wall_segment Palisade Wall x1 |
| 2:43 | Coca Cola · wall_segment Palisade Wall x1 |
| 2:44 | DL | El pata de las GTX · wall_segment Palisade Wall x1 |
| 2:45 | DL | El pata de las GTX · wall_segment Palisade Wall x1 |
| 2:46 | DL | El pata de las GTX · wall_segment Palisade Wall x1 |
| 2:48 | Coca Cola · wall_segment Palisade Wall x1 |
| 2:50 | Coca Cola · wall_segment Palisade Wall x1 |
| 2:51 | Coca Cola · wall_segment Palisade Wall x1 |
| 2:53 | Coca Cola · wall_segment Palisade Wall x1 |
| 4:20 | Cyndaquil · wall_segment Palisade Wall x3 |
| 4:55 | Coca Cola · wall_segment Palisade Wall x1 |
| 5:44 | Cyndaquil · wall_segment Palisade Wall x1 |
| 6:13 | 23 · wall_segment Palisade Wall x1 |
| 6:14 | 23 · wall_segment Palisade Wall x1 |
| 7:09 | Cyndaquil · wall_segment Palisade Wall x1 |
| 7:09 | Cyndaquil · wall_segment Palisade Wall x1 |
| 7:11 | Cyndaquil · wall_segment Palisade Wall x1 |
| 7:12 | Cyndaquil · wall_segment Palisade Wall x1 |
| 7:14 | Cyndaquil · wall_segment Palisade Wall x1 |
| 8:15 | Cyndaquil · first_building Barracks |
| 9:35 | 23 · first_building Barracks |
| 10:00 | Coca Cola · wall_segment Palisade Wall x2 |
| 10:08 | DL | El pata de las GTX · first_building Barracks |
| 10:36 | fumisaiji · first_building Barracks |
| 10:59 | Francisco Pizarron · first_building Barracks |
| 11:31 | Francisco Pizarron · wall_segment Palisade Wall x2 |
| 11:35 | Francisco Pizarron · age_up feudal |
| 11:36 | Francisco Pizarron · wall_segment Palisade Wall x1 |
| 11:36 | DL | El pata de las GTX · wall_segment Palisade Wall x17 |
| 11:39 | Coca Cola · wall_segment Palisade Wall x5 |
| 11:43 | Coca Cola · wall_segment Palisade Wall x8 |
| 11:45 | Zilchland · wall_segment Palisade Wall x1 |
| 11:45 | Coca Cola · wall_segment Palisade Wall x14 |
| 11:48 | Francisco Pizarron · first_building Stable |
| 12:01 | Cyndaquil · first_building Dock |
| 12:38 | DL | El pata de las GTX · wall_segment Palisade Wall x1 |
| 12:41 | Zilchland · wall_segment Palisade Wall x1 |
| 12:46 | Cyndaquil · age_up feudal |
| 12:51 | Zilchland · wall_segment Palisade Wall x1 |
| 13:00 | Zilchland · wall_segment Palisade Wall x1 |
| 13:02 | 23 · age_up feudal |
| 13:03 | Zilchland · wall_segment Palisade Wall x1 |
| 13:04 | fumisaiji · age_up feudal |
| 13:05 | Cyndaquil · wall_segment Stone Wall x1 |
| 13:07 | Cyndaquil · wall_segment Stone Wall x1 |
| 13:07 | 23 · first_building Stable |
| 13:09 | fumisaiji · first_building Archery Range |
| 13:09 | Cyndaquil · wall_segment Stone Wall x1 |
| 13:10 | Cyndaquil · wall_segment Stone Wall x1 |
| 13:12 | Cyndaquil · wall_segment Stone Wall x1 |
| 13:14 | Cyndaquil · wall_segment Stone Wall x1 |
| 13:15 | Cyndaquil · wall_segment Stone Wall x1 |
| 13:17 | Cyndaquil · wall_segment Stone Wall x1 |
| 13:19 | Coca Cola · first_building Barracks |
| 13:22 | Cyndaquil · wall_segment Stone Wall x1 |
| 13:23 | Cyndaquil · wall_segment Stone Wall x1 |
| 13:27 | DL | El pata de las GTX · age_up feudal |
| 13:32 | DL | El pata de las GTX · first_building Archery Range |
| 13:33 | 23 · resign |
| 13:34 | Coca Cola · age_up feudal |
| 13:39 | Zilchland · age_up feudal |
| 14:04 | Cain2point0 · age_up feudal |
| 14:13 | Coca Cola · first_building Archery Range |
| 16:44 | fumisaiji · age_up castle |
| 18:44 | Francisco Pizarron · first_market_sell 100 stone |
| 19:46 | Coca Cola · age_up castle |
| 21:27 | Francisco Pizarron · age_up castle |
[ AI ANALYSIS · 1 CREDIT ]
What really happened in this match?
Wolo.gg analyzes every decision: build order, eco, micro, common mistakes by bracket. Personalized analysis on WhatsApp or Discord in 30 seconds.
Civ guide
Maya
Perfil
Jugador #25224741